 Dungeon Crawl Stone Soup version 0.17.1-2-g5865329 (webtiles) character file.

108 iph the Charmwright (level 4, 0/34 HPs)
             Began as a Merfolk Skald on Jan 15, 2016.
             Was an Initiate of Ru.
             Slain by a hobgoblin (6 damage)
             ... led by Robin
             ... on level 3 of the Dungeon.
             The game lasted 00:13:05 (2271 turns).

iph the Charmwright (Merfolk Skald)                 Turns: 2271, Time: 00:13:05

Health: 0/34       AC:  3    Str: 12      XL:     4   Next: 87%
Magic:  7/7        EV:  7    Int:  9 (11) God:    Ru [......]
Gold:   128        SH:  0    Dex: 14      Spells: 3 memorised, 2 levels left

rFire  . . .     SeeInvis .     a - +0 falchion
rCold  . . .     Clarity  .     b - +0 leather armour
rNeg   . . .     SustAt   .     (no shield)
rPois  .         Gourm    .     (no helmet)
rElec  .         Spirit   .     (no cloak)
rCorr  .         Warding  .     (no gloves)
rMut   .         Stasis   .     (no boots)
MR     .....                    (no amulet)
Stlth  ++........               (no ring)
                                (no ring)

@: not resistant to hostile enchantments, unstealthy
A: change form in water, swift swim
a: Renounce Religion


You were on level 3 of the Dungeon.
You worshipped Ru.
Ru was noncommittal.
You were not hungry.

You visited 1 branch of the dungeon, and saw 3 of its levels.

You collected 128 gold pieces.

Inventory:

Hand Weapons
 a - a +0 falchion (weapon)
Armour
 b - a +0 leather armour (worn)
 o - a +1 ring mail of positive energy
Scrolls
 e - a scroll of blinking
 h - a scroll of recharging
 l - a scroll of magic mapping {unknown}
 n - 3 scrolls of identify {unknown}
 p - a scroll of enchant weapon {unknown}
 q - a scroll of fog
Potions
 g - 2 potions of curing {unknown}
 k - 3 potions of invisibility {unknown}
 m - a potion of resistance {unknown}
 r - a potion of magic {unknown}
 s - a potion of might {unknown}
Books
 c - a book of Battle

   Spells                             Type                      Level
   a - Infusion                       Charms                       1
   b - Shroud of Golubria             Charms/Translocation         2
   c - Song of Slaying                Charms                       2
   d - Spectral Weapon                Hexes/Charms                 3
   e - Regeneration                   Charms/Necromancy            3
Comestibles
 d - 3 bread rations
 f - a royal jelly
 i - a meat ration


   Skills:
 + Level 2.9 Fighting
 + Level 2.7 Long Blades
 + Level 1.2 Armour
 + Level 2.9 Dodging
 + Level 1.3 Stealth
 + Level 2.0 Spellcasting
 + Level 4.1 Charms


You had 2 spell levels left.
You knew the following spells:

 Your Spells              Type           Power        Failure   Level  Hunger
a - Infusion              Chrm           #.....       10%         1    ##.....
b - Song of Slaying       Chrm           #.......     14%         2    ###....
c - Shroud of Golubria    Chrm/Tloc      #.........   28%         2    ###....


Dungeon Overview and Level Annotations

Branches:
Dungeon (3/15)

Altars:
Ru


Message History

You hit Robin but do no damage.
Robin is almost dead.
Robin roars a battlecry!
The hobgoblin goes into a battle-frenzy!
Robin misses you.
You barely miss Robin.
Robin is almost dead.
Robin misses you.
You barely miss Robin.
Robin is almost dead.
Robin barely misses you.
Your magical contamination has completely faded away.
You hit Robin.
You kill Robin!
The hobgoblin hits you.
* * * LOW HITPOINT WARNING * * *
You closely miss the hobgoblin. The hobgoblin closely misses you.
There is a stone staircase leading up here.
The hobgoblin hits you.
You die...

### ########.# ......†..#
########.# .......#.# .####.##.#
.####'##.# .#.....#.#########
.#.....'))).g.gg@# #####
.#.....#.######### #....
.#.....#.# #.... .....g.#.# #....
...gg..#.# ######....
.......#.###############.........
...g####...............'.........
......##.###############.........
......##.# #...#..........##


You could see 2 hobgoblins and a goblin.

Vanquished Creatures
  Robin (D:3)
  2 adders (D:2)
  A shadow imp (D:3)
  An ooze (D:1)
  2 worms (D:2)
  2 giant geckos (D:1)
  3 giant cockroaches
  8 hobgoblins
  2 jackals (D:2)
  A ball python (D:2)
  6 bats
  A giant newt (D:1)
  14 goblins
  7 kobolds
  7 rats
58 creatures vanquished.

Vanquished Creatures (others)
  A jackal (D:2)
1 creature vanquished.

Grand Total: 59 creatures vanquished

Notes
Turn   | Place    | Note
--------------------------------------------------------------
     0 | D:1      | iph the Merfolk Skald began the quest for the Orb.
     0 | D:1      | Reached XP level 1. HP: 16/16 MP: 3/3
   206 | D:1      | Reached XP level 2. HP: 22/22 MP: 5/5
   250 | D:1      | HP: 1/23 [hobgoblin (2)]
   655 | D:1      | Learned a level 2 spell: Song of Slaying
   658 | D:1      | Learned a level 2 spell: Shroud of Golubria
  1044 | D:1      | Reached XP level 3. HP: 21/28 MP: 6/6
  1237 | D:2      | Reached skill level 4 in Charms
  1483 | D:2      | Reached skill level 1 in Armour
  1617 | D:2      | Found a sacrificial altar of Ru.
  1625 | D:2      | Became a worshipper of Ru the Awakened
  1722 | D:2      | Reached skill level 1 in Stealth
  1722 | D:2      | Reached XP level 4. HP: 32/34 MP: 7/7
  2205 | D:3      | Noticed Robin
  2266 | D:3      | Killed Robin
  2271 | D:3      | Slain by a hobgoblin

Action                   |  1- 3 |  4- 6 || total
-------------------------+-------+-------++-------
Melee: Falchion          |   121 |    96 ||   217
 Cast: Infusion          |     1 |       ||     1
       Shroud of Golubri |       |     2 ||     2
  Use: Scroll            |     4 |       ||     4
       Potion            |     1 |       ||     1
 Stab: Sleeping          |     2 |       ||     2
  Eat: Bread ration      |     1 |       ||     1
       Beef jerky        |       |     1 ||     1
